 Dungeon Crawl Stone Soup version 0.31-a0-360-gb3e1d13bf4 (webtiles) character file.

Game seed: 13499313118284562057

48 Gelion the Changeling (level 3, -1/24 HPs)
             Began as an Octopode Shapeshifter on July 27, 2023.
             Slain by Natasha (5 damage)
             ... on level 2 of the Dungeon.
             The game lasted 00:03:03 (1660 turns).

Gelion the Changeling (Octopode Shapeshifter)       Turns: 1660, Time: 00:03:03

Health: -1/24      AC:  1    Str: 14    XL:     3   Next: 72%
Magic:  3/3        EV: 13    Int: 10    God:
Gold:   70         SH:  0    Dex: 14    Spells: 2/2 levels left

rFire   . . .        e - +0 short sword
rCold   . . .        (no shield)
rNeg    . . .        (helmet currently unavailable)
rPois   .            (no amulet)
rElec   .            (no ring)
rCorr   .            (no ring)
SInv    .            (no ring)
Will    .....        (no ring)
Stlth   ++           (no ring)
HPRegen 0.24/turn    (no ring)
MPRegen 0.08/turn    (no ring)
                     (no ring)

%: no passive effects
@: beast-form, hasted, very quick
A: beast (slay +2), almost no armour, amphibious, 8 rings, camouflage 1,
gelatinous body 1, (nimble swimmer 1), tentacles
a: Begin Untransformation


You were on level 2 of the Dungeon.
You were a hulking beast.
You visited 1 branch of the dungeon, and saw 2 of its levels.

You collected 70 gold pieces.

Inventory:

Hand Weapons
 e - a +0 short sword (weapon)
Talismans
 b - a beast talisman
Scrolls
 d - 2 scrolls of teleportation {unknown}
 g - a scroll of enchant weapon {unknown}
 h - a scroll of blinking {unknown}
 i - a scroll of enchant armour {unknown}
 j - 2 scrolls of brand weapon {unknown}
Potions
 a - a potion of lignification
 c - 2 potions of curing
 f - 3 potions of haste


   Skills:
 + Level 1.7 Fighting
 + Level 1.0 Long Blades
 - Level 2.0 Dodging
 - Level 3.1 Unarmed Combat
 * Level 3.6 Shapeshifting


You had 2 spell levels left.
You didn't know any spells.
Your spell library contained the following spells:

 Spells                   Type           Power      Damage    Failure   Level
 Ensorcelled Hibernation  Hex/Ice        0%         N/A       50%         2
 Passwall                 Tmut/Erth      0%         N/A       50%         2
 Swiftness                Air            0%         N/A       75%         3


Dungeon Overview and Level Annotations

Branches:
Dungeon (2/15)

Altars:

Annotations:
D:2 Natasha


Innate Abilities, Weirdness & Mutations

You are a hulking beast.
Your limbs bulge with bestial killing power. (Slay +2)
You cannot wear most types of armour.
You are amphibious.
You can wear up to eight rings at the same time.
Your skin changes colour to match your surroundings (Stealth+).
Your rubbery body absorbs attacks. (AC +1, EV +1)
((You are camouflaged when in or above water. (Stealth+)))
You have tentacles for arms and can constrict up to eight enemies at once.


Message History

You hit the giant cockroach. You grab the giant cockroach.
The giant cockroach is severely wounded.
You constrict the giant cockroach, but do no damage.
The giant cockroach bites you. The endoplasm barely misses you.
Natasha claws you!
Unknown command.
You release your grip on the giant cockroach.
Natasha claws you but does no damage.
There is an open door here.
The giant cockroach attacks as you move away!
The giant cockroach misses you. The giant cockroach bites you.
You completely miss the giant cockroach.
Your grab misses the giant cockroach. You squeeze the giant cockroach.
You kill the giant cockroach!
Your Long Blades skill increases to level 1!
You hit the endoplasm.
The endoplasm is heavily wounded.
The endoplasm freezes you.
You are frozen.
* * * LOW HITPOINT WARNING * * *
Natasha casts a spell.
It was a potion of haste.
You feel yourself speed up. The endoplasm hits you.
* * * LOW HITPOINT WARNING * * *
Natasha wildly gestures.
Natasha's front paws start to glow.
It was a potion of curing.
You feel better.
Natasha mewls in sadness.
The endoplasm misses you.
You hit the endoplasm.
You kill the endoplasm!
You hit the quokka.
You kill the quokka!
The cerulean imp hits you from afar with a +0 spear.
You barely miss Natasha. You grab Natasha.
You constrict Natasha, but do no damage.
Natasha closely misses you.
The cerulean imp hits you from afar with a +0 spear.
* * * LOW HITPOINT WARNING * * *
You hit Natasha but do no damage. You constrict Natasha. Natasha claws you.
You die...

#..##.⌠.##........+
#.####'##...#######?....#
#........##'## .....#
##.....##....# .....#
#.....##....# ###.....#
#.....##....# #.......#
########)...# #.......#
#....####5......#
#....'.hhK......#
#....####.......#
##....####......##
#.......##......#
#.......##......#
#########.......##......#
...)..†.'.......##......#
#########.......##......#
#.......#.......#


You could see Natasha, a cerulean imp (summoned) and a kobold.

Vanquished Creatures
  An adder (D:2)
  2 dart slugs (D:1)
  7 bats
  An endoplasm (D:2)
  A giant cockroach (D:2)
  4 goblins (D:1)
  3 hobgoblins (D:1)
  4 kobolds
  2 quokkas (D:2)
  3 ball pythons
  7 frilled lizards
  2 rats (D:2)
37 creatures vanquished.

Notes
Turn   | Place    | Note
-------+----------+-------------------------------------------
     0 | D:1      | Gelion the Octopode Shapeshifter began the quest for the
                  | Orb.
     0 | D:1      | Reached XP level 1. HP: 13/13 MP: 1/1
   130 | D:1      | Reached XP level 2. HP: 7/18 MP: 2/2
   936 | D:1      | Reached XP level 3. HP: 23/23 MP: 3/3
  1141 | D:2      | Found a faded altar of an unknown god.
  1646 | D:2      | Noticed Natasha
  1653 | D:2      | Reached skill level 1 in Long Blades
  1660 | D:2      | Slain by Natasha

Illustrated notes

Levels and vault maps discovered:
D:1:      wander_arrival_peaceful_grave, layout_basic
D:2:      layout_basic, ebering_ecumenical_altar_petrified,
          grunt_decor_arrowhead, grunt_ministairs_8, uniq_natasha

Skill      XL: |  1  2  3 |
---------------+----------+-----
Long Blades    | 1 |  1.0
Fighting       | |  1.7
Dodging        | |  2.0
Unarmed Combat | |  3.1
Shapeshifting  | |  3.6

Action                     || total
---------------------------++-------
  Melee: Unarmed           ||    12
         Constrict         ||    17
         Tentacles         ||     8
         Short sword       ||    53
         Punch             ||     2
    Use: Potion            ||     2
   Stab: Sleeping          ||     8
 Armour: Skin              ||     5
  Dodge: Dodged            ||    27

Table legend: (Time is in decaauts)
 A = Elapsed time spent in this place.
 B = Non-inter-level travel time spent in this place.
 C = Inter-level travel time spent in this place.
 D = Time resting spent in this place.
 E = Time spent auto-exploring this place.
 F = Levels seen in this place.
 G = Mean time per level.
                   A        B        C        D        E       F      G
               +--------+--------+--------+--------+--------+-----+--------+
         Total |   1656 |   1580 |     76 |      0 |   1355 |   2 |  828.0 |
       Dungeon |   1656 |   1580 |     76 |      0 |   1355 |   2 |  828.0 |
               +--------+--------+--------+--------+--------+-----+--------+

Top non-repeatable levels by time:
     D:1: 1076 daAuts
     D:2: 579 daAuts
